 Dungeon Crawl Stone Soup version 0.27-a0-1158-gaa87e14f67 (webtiles) character file.

Game seed: 4733488881551097010

18 Whiskey the Insei (level 2, 0/18 HPs)
             Began as an Octopode Transmuter on May 15, 2021.
             Slain by a jackal (1 damage)
             ... on level 1 of the Dungeon.
             The game lasted 00:00:54 (271 turns).

Whiskey the Insei (Octopode Transmuter)              Turns: 271, Time: 00:00:54

Health: 0/18       AC:  1    Str:  9    XL:     2   Next: 70%
Magic:  4/5        EV: 13    Int: 15    God:
Gold:   4          SH:  0    Dex: 12    Spells: 4/5 levels left

rFire    . . .     SeeInvis .     - Unarmed
rCold    . . .     Faith    .   (no shield)
rNeg     . . .     Spirit   .   (helmet currently unavailable)
rPois    .         Reflect  .   (no amulet)
rElec    .         Harm     .   (no ring)
rCorr    .         Rampage  .   (no ring)
Will     .....                  (no ring)
Stlth    ++........             (no ring)
HPRegen  0.06/turn              (no ring)
MPRegen  0.09/turn              (no ring)
                                (no ring)
                                (no ring)

@: appendages
A: tentacle spike 3, almost no armour, amphibious, 8 rings, camouflage 1,
gelatinous body 1, (nimble swimmer 1), tentacles
a: End Transformation


You were on level 1 of the Dungeon.
One of your tentacles had grown a beastly spike.
You visited 1 branch of the dungeon, and saw 1 of its levels.

You collected 4 gold pieces.

You aren't carrying anything.


   Skills:
 + Level 1.4 Fighting
 - Level 2.0 Dodging
 + Level 3.2 Unarmed Combat
 - Level 2.0 Spellcasting
 * Level 2.6 Transmutations


You had 4 spell levels left.
You knew the following spells:

 Your Spells              Type           Power      Damage    Failure   Level
a - Beastly Appendage     Tmut           18%        N/A       8%          1

Your spell library contained the following spells:

 Spells                   Type           Power      Damage    Failure   Level
 Wereblood                Tmut           9%         N/A       12%         2
 Animate Skeleton         Necr           2%         N/A       22%         1
 Apportation              Tloc           2%         N/A       22%         1
 Corona                   Hex            1%         N/A       22%         1
 Summon Small Mammal      Summ           4%         N/A       22%         1
 Spider Form              Tmut/Pois      2%         N/A       36%         3
 Ice Form                 Ice/Tmut       5%         N/A       78%         4
 Hydra Form               Tmut           4%         N/A       91%         5


Dungeon Overview and Level Annotations

Branches:
Dungeon (1/15)

Altars:


Innate Abilities, Weirdness & Mutations

One of your tentacles has grown a beastly spike.
You cannot wear most types of armour.
You are amphibious.
You can wear up to eight rings at the same time.
Your skin changes colour to match your surroundings (Stealth+).
Your rubbery body absorbs attacks. (AC +1, EV +1)
((You are camouflaged near water. (Stealth+)))
You have tentacles for arms and can constrict up to eight enemies at once.


Message History

The helpless quokka fails to defend itself.
You tentacle-slap the quokka but do no damage.
You grab the quokka.
You constrict the quokka, but do no damage.
The quokka closely misses you.
You tentacle-slap the quokka but do no damage.
You constrict the quokka. The quokka bites you.
You take 1 damage, and have 17/18 hp.
You tentacle-slap the quokka.
You kill the quokka!
The bat closely misses you. The bat misses you.
The bat hits you but does no damage.
You barely miss the bat. Your grab misses the bat. The bat closely misses you.
An endoplasm comes into view.
The bat hits you. The bat closely misses you.
You take 1 damage, and have 16/18 hp.
You tentacle-slap the bat.
You kill the bat!
A dart slug comes into view.
Found a stone staircase leading down.
The endoplasm quivers.
You barely miss the endoplasm. You squeeze the endoplasm.
You kill the endoplasm!
The dart slug launches a dart at you. The slug dart hits you.
A jackal comes into view.
You take 5 damage, and have 12/18 hp.
MASSIVE DAMAGE!!
There are monsters nearby!
You tentacle-slap the dart slug. You grab the dart slug.
You constrict the dart slug. You tentacle-slap the dart slug.
You constrict the dart slug.
You kill the dart slug!
The jackal barks!
You hear a bark!
A jackal comes into view.
You hear a shout!
A jackal comes into view. x2
The jackal moves out of view.
You closely miss the jackal.
The jackal barks!
Your grab misses the jackal. The jackal barely misses you.
You barely miss the jackal.
The jackal barks!
Your grab misses the jackal. You barely miss the jackal. You grab the jackal.
You constrict the jackal, but do no damage.
The jackal misses you. The jackal bites you.
You take 1 damage, and have 11/18 hp.
You tentacle-slap the jackal. You constrict the jackal. The jackal misses you.
The jackal bites you. The jackal barely misses you.
You take 1 damage, and have 10/18 hp.
You tentacle-slap the jackal but do no damage.
You constrict the jackal.
You kill the jackal!
The jackal bites you.
You take 2 damage, and have 8/18 hp.
You are too injured to fight recklessly!
You are too injured to fight recklessly!
You are too injured to fight recklessly!
The jackal closely misses you. The jackal bites you.
You take 2 damage, and have 6/18 hp.
One of your tentacles grows a vicious spike.
The jackal barely misses you.
You now have 4/5 mp.
You are too injured to fight recklessly!
You are too injured to fight recklessly!
You barely miss the jackal. Your grab misses the jackal. The jackal bites you.
* * * LOW HITPOINT WARNING * * *
You take 2 damage, and have 4/18 hp.
You completely miss the jackal. You grab the jackal.
You pierce the jackal.
You constrict the jackal, but do no damage.
The jackal barely misses you. The jackal bites you.
* * * LOW HITPOINT WARNING * * *
You take 2 damage, and have 2/18 hp.
You tentacle-slap the jackal.
Your tentacle spike misses the jackal.
You squeeze the jackal, but do no damage.
You constrict the jackal, but do no damage.
The jackal barely misses you.
You tentacle-slap the jackal.
You kill the jackal!
The jackal misses you.
You tentacle-slap the jackal. You grab the jackal. You constrict the jackal.
The jackal barely misses you.
You tentacle-slap the jackal but do no damage.
You squeeze the jackal, but do no damage.
You constrict the jackal. The jackal bites you.
* * * LOW HITPOINT WARNING * * *
The jackal completely misses you.
You take 1 damage, and have 1/18 hp.
You tentacle-slap the jackal but do no damage.
You pierce the jackal, but do no damage.
You constrict the jackal, but do no damage.
The jackal closely misses you.
You tentacle-slap the jackal but do no damage.
You squeeze the jackal. You constrict the jackal.
You kill the jackal!
You tentacle-slap the jackal. You grab the jackal.
You constrict the jackal, but do no damage.
The jackal bites you.
You die...

# .# ##.###
#.....#
##########.....##
#................
#.##.###.#.....#
#.##.###.#>....#
#.##.##..@##.##
#.##.#.###h#.#
#.##... #...#
#.####
#†#†....... #.#
.^.......... ###
##.##
#####.####.##
##.####...## #.#
# #..........#
#.# .#>#.##...##
#.#


You could see a jackal.

Vanquished Creatures
  A dart slug (D:1)
  A bat (D:1)
  2 endoplasms (D:1)
  2 giant cockroaches (D:1)
  A goblin (D:1)
  A hobgoblin (D:1)
  3 jackals (D:1)
  A quokka (D:1)
  A rat (D:1)
13 creatures vanquished.

Notes
Turn   | Place    | Note
-------+----------+-------------------------------------------
     0 | D:1      | Whiskey the Octopode Transmuter began the quest for the
                  | Orb.
     0 | D:1      | Reached XP level 1. HP: 13/13 MP: 3/3
   141 | D:1      | Reached XP level 2. HP: 14/18 MP: 5/5
   263 | D:1      | HP: 4/18 [jackal (2)]
   268 | D:1      | HP: 1/18 [jackal (1)]
   271 | D:1      | Slain by a jackal

Illustrated notes

Levels and vault maps discovered:
D:1:      ncdulo_lavacross, layout_loops_ring, minmay_tetromino_o4

Action                   || total
-------------------------++-------
Melee: Unarmed           ||    37
       Constrict         ||     9
       Tentacles         ||     6
       Kick              ||     2
 Cast: Beastly Appendage ||     1
 Stab: Sleeping          ||     3
Armor: Skin              ||     1
Dodge: Dodged            ||    25

Table legend: (Time is in decaauts)
 A = Elapsed time spent in this place.
 B = Non-inter-level travel time spent in this place.
 C = Inter-level travel time spent in this place.
 D = Time resting spent in this place.
 E = Time spent auto-exploring this place.
 F = Levels seen in this place.
 G = Mean time per level.
                   A        B        C        D        E       F      G
               +--------+--------+--------+--------+--------+-----+--------+
         Total |    268 |    268 |      0 |      0 |    194 |   1 |  268.0 |
       Dungeon |    268 |    268 |      0 |      0 |    194 |   1 |  268.0 |
               +--------+--------+--------+--------+--------+-----+--------+

Top non-repeatable levels by time:
     D:1: 268 daAuts

Table legend:
 A = Kills in this place as a percentage of kills in entire the game.
 B = Kills by you in this place as a percentage of kills by you in the entire game.
 C = Kills by friends in this place as a percentage of kills by friends in the entire game.
 D = Other kills in this place as a percentage of other kills in the entire game.
 E = Experience gained in this place as a percentage of experience gained in the entire game.
 F = Experience gained in this place divided by the number of levels of this place that you have seen.
                   A       B       C       D       E      F
               +-------+-------+-------+-------+-------+----------------------
         Total | 100.0 | 100.0 |   N/A |   N/A | 100.0 |  27.0
       Dungeon | 100.0 | 100.0 |   N/A |   N/A | 100.0 |  27.0
               +-------+-------+-------+-------+-------+----------------------
